 Dungeon Crawl Stone Soup version 0.22.0-18-ge075c0d (webtiles) character file.

1099 poirepourri the Thaumaturge (level 8, -7/41 HPs)
             Began as a Deep Elf Conjurer on Aug 18, 2018.
             Was an Initiate of Vehumet.
             Killed by divine providence
             ... invoked by an orc priest
              (13 damage)
             ... on level 6 of the Dungeon.
             The game lasted 00:08:01 (7311 turns).

poirepourri the Thaumaturge (Deep Elf Conjurer)     Turns: 7311, Time: 00:08:01

Health: -7/41      AC:  8    Str:  5    XL:     8   Next: 10%
Magic:  6/24       EV: 13    Int: 23    God:    Vehumet [......]
Gold:   236        SH:  0    Dex: 15    Spells: 9/27 levels left

rFire    + . .     SeeInvis .   j - +2 short sword
rCold    . . .     Gourm    .   (no shield)
rNeg     . . .     Faith    .   a - +0 robe
rPois    .         Spirit   .   (no helmet)
rElec    .         Reflect  .   u - +0 cloak
rCorr    .         Harm     .   (no gloves)
MR       .....                  g - +0 pair of boots
Stlth    ++........             w - amulet of rage
HPRegen  0.13/turn              b - ring of protection from fire
MPRegen  0.19/turn              k - +4 ring of protection

@: no status effects
A: no striking features
a: Renounce Religion, Evoke Berserk Rage


You were on level 6 of the Dungeon.
You worshipped Vehumet.
Vehumet was noncommittal.
You were not hungry.

You visited 2 branches of the dungeon, and saw 7 of its levels.

You collected 236 gold pieces.

Inventory:

Hand Weapons
 j - a +2 short sword (weapon)
Missiles
 v - 6 javelins (quivered)
 x - 23 bolts
Armour
 a - a +0 robe (worn)
 g - a +0 pair of boots (worn)
 u - a +0 cloak (worn)
Jewellery
 b - a ring of protection from fire (left hand)
 k - a +4 ring of protection (right hand)
 p - an uncursed ring of stealth
 w - an amulet of rage (around neck)
Wands
 d - a wand of random effects (35)
 r - a wand of clouds (7)
Scrolls
 e - 4 scrolls of remove curse
 h - a scroll of teleportation
 t - a scroll of fear
Potions
 f - a potion of heal wounds
 i - a potion of magic {unknown}
 l - a potion of mutation
 o - 5 potions of curing
 q - a potion of lignification
 z - a potion of brilliance {unknown}
Comestibles
 c - 5 rations


   Skills:
 - Level 2.4 Dodging
 - Level 2.4 Stealth
 - Level 10.0 Spellcasting
 + Level 8.0 Conjurations


You had 9 spell levels left.
You knew the following spells:

 Your Spells              Type           Power        Failure   Level  Hunger
a - Magic Dart            Conj           ####         1%          1    None
b - Searing Ray           Conj           #####.       1%          2    None
c - Dazzling Spray        Conj/Hex       ####..       3%          3    None
d - Iskenderun's Mystic   Conj           #####...     1%          4    #......
e - Force Lance           Conj/Tloc      ####....     11%         4    #......
f - Fulminant Prism       Conj/Hex       ####......   11%         4    #......

Your spell library contained the following spells:

 Spells                   Type           Power        Failure   Level  Hunger
 Corona                   Hex            ##.....      5%          1    None
 Ensorcelled Hibernation  Hex/Ice        ##....       9%          2    None
 Confuse                  Hex            ##......     17%         3    None
 Tukima's Dance           Hex            ##......     17%         3    None


Dungeon Overview and Level Annotations

Branches:
Dungeon (6/15)             Temple (1/1) D:4

Altars:
Elyvilon
Gozag
Okawaru
Qazlal
Ru
Trog
Vehumet
Xom
Yredelemnul
Zin


Message History

The searing ray hits the yak.
The yak is moderately wounded. (Press . to maintain the ray.)
The searing ray hits the yak.
The yak is moderately wounded.
The searing ray hits the yak.
The yak is heavily wounded.
The orc priest looks satisfied for a moment.
The searing ray hits the yak.
The yak is almost dead.
You finish channeling your searing ray.
A yak comes into view.
The yak gores you!
The yak moves out of view.
The orc priest seems to regain its courage.
The yak gores you! x2
* * * LOW HITPOINT WARNING * * *
The orc priest looks encouraged for a moment.
The orc priest calls down the wrath of Beogh upon you.
Beogh smites you!
You die...

.............#
######Y......#
##o#....#
#.##########
#o.........#
#..........#
####..YY......#
...............#
#####.....@.†..#
#..........#
#..........#
############


You could see 3 yaks, an orc priest and an orc wizard.

Vanquished Creatures
  Sigmund (D:2)
  A yak (D:6)
  A phantom (D:4)
  A howler monkey (D:4)
  A crimson imp (D:6)
  A quasit (D:4)
  3 orc priests (D:4)
  A hound (D:6)
  An orc wizard (D:5)
  Natasha (D:2)
  5 worker ants
  A hound skeleton (D:4)
  8 gnolls
  10 adders
  A shadow imp (D:5)
  An ooze (D:2)
  An adder skeleton (D:4)
  2 worms
  2 dart slugs (D:1)
  3 leopard geckos
  12 orcs
  4 ball pythons
  4 giant cockroaches
  4 goblins
  5 hobgoblins
  13 jackals
  7 kobolds
  A quokka (D:2)
  4 bats
  7 frilled lizards
  A quokka skeleton (D:5)
  5 rats
113 creatures vanquished.

Vanquished Creatures (others)
  A fulminant prism (D:6)
  A plant (D:4)
2 creatures vanquished.

Grand Total: 115 creatures vanquished

Notes
Turn   | Place    | Note
-------+----------+-------------------------------------------
     0 | D:1      | poirepourri the Deep Elf Conjurer began the quest for the Orb.
     0 | D:1      | Reached XP level 1. HP: 10/10 MP: 6/6
   374 | D:1      | Reached skill level 4 in Spellcasting
   374 | D:1      | Reached XP level 2. HP: 15/15 MP: 7/9
   504 | D:1      | Learned a level 2 spell: Searing Ray
   826 | D:2      | Noticed Natasha
   912 | D:2      | Killed Natasha
   912 | D:2      | Reached skill level 5 in Spellcasting
   912 | D:2      | Reached XP level 3. HP: 7/19 MP: 7/12
  1294 | D:2      | Reached XP level 4. HP: 24/24 MP: 9/13
  1318 | D:2      | Reached skill level 6 in Spellcasting
  1748 | D:2      | Found a bloodstained altar of Trog.
  2055 | D:2      | Noticed Sigmund
  2064 | D:2      | Killed Sigmund
  2064 | D:2      | Reached skill level 8 in Spellcasting
  2064 | D:2      | Reached XP level 5. HP: 28/28 MP: 7/18
  2064 | D:2      | Reached XP level 6. HP: 32/32 MP: 7/19
  2149 | D:2      | Learned a level 3 spell: Dazzling Spray
  2154 | D:2      | Learned a level 4 spell: Iskenderun's Mystic Blast
  2159 | D:2      | Learned a level 4 spell: Force Lance
  2164 | D:2      | Learned a level 4 spell: Fulminant Prism
  2849 | D:3      | Found a basalt altar of Yredelemnul.
  3820 | D:3      | Found a white marble altar of Elyvilon.
  3952 | D:4      | Reached skill level 9 in Spellcasting
  4385 | D:4      | Reached skill level 10 in Spellcasting
  4511 | D:4      | Reached XP level 7. HP: 23/36 MP: 14/22
  4842 | D:4      | Reached skill level 5 in Conjurations
  5489 | D:4      | Found a staircase to the Ecumenical Temple.
  5674 | Temple   | Entered the Ecumenical Temple
  5681 | Temple   | Became a worshipper of Vehumet
  5721 | D:5      | Entered Level 5 of the Dungeon
  7268 | D:6      | Noticed a yak
  7268 | D:6      | Noticed a yak
  7269 | D:6      | Noticed a yak
  7270 | D:6      | Noticed a yak
  7278 | D:6      | Noticed a yak
  7280 | D:6      | Killed a yak
  7280 | D:6      | Reached XP level 8. HP: 40/41 MP: 5/24
  7311 | D:6      | Killed from afar by an orc priest

Skill      XL: |  1  2  3  4  5  6  7 |
---------------+----------------------+-----
Spellcasting   | 4 5 8 10 | 10.0
Conjurations   | 8 |  8.0
Dodging        | |  2.4
Stealth        | |  2.4

Action                   |  1- 3 |  4- 6 |  7- 9 || total
-------------------------+-------+-------+-------++-------
Melee: Short sword       |       |     5 |     9 ||    14
 Cast: Magic Dart        |    40 |    53 |    21 ||   114
       Searing Ray       |     6 |    19 |    27 ||    52
       Iskenderun's Myst |       |    11 |    10 ||    21
       Dazzling Spray    |       |       |     2 ||     2
       Fulminant Prism   |       |       |     1 ||     1
Evoke: Wand              |       |       |     2 ||     2
  Use: Scroll            |     2 |     5 |    11 ||    18
       Potion            |       |     1 |       ||     1
  Eat: Ration            |       |     4 |     2 ||     6
       Chunk             |       |     1 |       ||     1
Armor: Robe              |     5 |     5 |    35 ||    45
Dodge: Dodged            |     6 |    17 |    60 ||    83
